 Dungeon Crawl Stone Soup version 0.31-a0-142-g31f6795574 (webtiles) character file.

Game seed: 16736751627886426732

8494 Anathary the Cleaver (level 11, -2/87 HPs)
             Began as a Formicid Fighter on June 3, 2023.
             Was an Elder of Cheibriados.
             Killed by divine providence
             ... invoked by an orc priest
              (16 damage)
             ... on level 8 of the Dungeon.
             The game lasted 00:26:19 (7203 turns).

Anathary the Cleaver (Formicid Fighter)             Turns: 7203, Time: 00:26:19

Health: -2/87      AC: 21    Str: 32    XL:     11   Next: 56%
Magic:  11/11      EV:  7    Int: 25    God:    Cheibriados [****..]
Gold:   535        SH:  8    Dex: 25    Spells: 10/10 levels left

rFire   + . .        a - +0 war axe
rCold   + . .        c - +0 buckler
rNeg    . . .        w - +0 gold dragon scales
rPois   +            (helmet unavailable)
rElec   .            (no cloak)
rCorr   .            (no gloves)
SInv    +            (no boots)
Will    +....        E - amulet of regeneration Stlth
                     f - +4 ring of protection
HPRegen 1.14/turn    r - +6 ring of intelligence
MPRegen 0.12/turn

%: no passive effects
@: lethally poisoned (-2 -> -2), very slow
A: permanent stasis, dig shafts and tunnels, antennae 3, four strong arms
a: Dig, Shaft Self, Renounce Religion, Bend Time, Temporal Distortion, Slouch


You were on level 8 of the Dungeon.
You worshipped Cheibriados.
Cheibriados was greatly pleased with you.
You visited 2 branches of the dungeon, and saw 9 of its levels.

You collected 535 gold pieces.

Inventory:

Hand Weapons
 a - a +0 war axe (weapon)
Missiles
 b - a throwing net
Armour
 c - a +0 buckler (worn)
 w - +0 gold dragon scales (worn)
Jewellery
 f - a +4 ring of protection (left hand)
 p - a ring of protection from fire
 r - a +6 ring of intelligence (right hand)
 y - an amulet of faith
 A - a ring of wizardry
 E - an amulet of regeneration (around neck)
 H - a +6 ring of dexterity
Wands
 F - a wand of polymorph (11)
 I - a wand of mindburst (7)
Scrolls
 g - a scroll of acquirement {unknown}
 k - a scroll of blinking {unknown}
 m - a scroll of enchant weapon {unknown}
 n - 2 scrolls of noise {unknown}
 o - 3 scrolls of teleportation {unknown}
 s - 4 scrolls of identify {unknown}
 u - a scroll of magic mapping {unknown}
 v - a scroll of enchant armour {unknown}
 B - 2 scrolls of fog {unknown}
 C - 4 scrolls of immolation {unknown}
 D - a scroll of amnesia {unknown}
 G - a scroll of poison {unknown}
 J - a scroll of fear {unknown}
Potions
 d - 2 potions of might
 e - 8 potions of heal wounds {unknown}
 h - 5 potions of brilliance {unknown}
 i - a potion of curing {unknown}
 j - 3 potions of attraction {unknown}
 l - 2 potions of berserk rage {unknown}
 q - 3 potions of degeneration {unknown}
 t - a potion of haste
 x - a potion of lignification {unknown}
 z - a potion of resistance {unknown}


   Skills:
 + Level 8.4 Fighting
 + Level 12.2 Axes
 + Level 9.2 Armour
 + Level 1.2 Dodging
 + Level 1.5 Stealth
 + Level 9.0 Shields


You had 10 spell levels left.
You didn't know any spells.
Your spell library contained the following spells:

 Spells                   Type           Power      Damage    Failure   Level
 Kiss of Death            Conj/Necr      0%         2d5       98%         1
 Magic Dart               Conj           0%         1d3       98%         1
 Shock                    Conj/Air       0%         1d3       98%         1
 Slow                     Hex            0%         N/A       98%         1
 Call Imp                 Summ           0%         N/A       99%         2
 Ensorcelled Hibernation  Hex/Ice        0%         N/A       99%         2
 Confusing Touch          Hex            0%         N/A       100%        3
 Frozen Ramparts          Ice            0%         1d1       100%        3
 Mephitic Cloud           Conj/Pois/Air  0%         N/A       100%        3
 Ozocubu's Armour         Ice            0%         N/A       100%        3
 Spider Form              Tmut/Pois      0%         N/A       100%        3
 Vampiric Draining        Necr           0%         2d6       100%        3
 Airstrike                Air            0%         2d(0-16)  100%        4
 Anguish                  Hex/Necr       0%         N/A       100%        4
 Cause Fear               Hex            0%         N/A       100%        4
 Dispel Undead            Necr           0%         3d6       100%        4
 Ice Form                 Ice/Tmut       0%         N/A       100%        4
 Summon Ice Beast         Ice/Summ       0%         N/A       100%        4
 Enfeeble                 Hex            0%         N/A       100%        7
 Ozocubu's Refrigeration  Ice            0%         4d7       100%        7
 Borgnjor's Revivificati  Necr           0%         N/A       100%        8
 Necromutation            Tmut/Necr      0%         N/A       100%        8
 Death's Door             Necr           0%         N/A       100%        9
 Swiftness                Air            Unusable   N/A       N/A         3

Dungeon Overview and Level Annotations

Branches:
Dungeon (8/15)             Temple (1/1) D:4
   Lair: D:8-11

Altars:
Cheibriados
Dithmenos
Elyvilon
Fedhas
Gozag
Makhleb
Nemelex Xobeh
Okawaru
Qazlal
Ru
Sif Muna
Trog
Uskayaw
Vehumet
Xom
Yredelemnul
Zin
The Shining One

Shops:
D:4 (==([

Annotations:
Temple 2 transporters


Innate Abilities, Weirdness & Mutations

You cannot be hasted, slowed, berserked, paralysed or teleported.
You can dig through walls and to a lower floor.
You have a pair of large antennae on your head. (SInv)
Your four strong arms can wield two-handed weapons with a shield.


Message History

You block the water moccasin's attack.
You hit the water moccasin but do no damage.
The water moccasin is moderately wounded.
You block the water moccasin's attack.
You completely miss the water moccasin.
The water moccasin is lightly wounded.
The water moccasin closely misses you. The water moccasin bites you.
* * * LOW HITPOINT WARNING * * *
You are poisoned.
The water moccasin poisons you!
You hit the water moccasin.
The water moccasin is moderately wounded.
You feel sick.
The water moccasin bites you but does no damage.
You barely miss the water moccasin.
The water moccasin is moderately wounded.
You feel sick.
The water moccasin bites you but does no damage.
You slice the water moccasin!!
You kill the water moccasin!
Cheibriados thoroughly appreciates the change of pace.
You feel sick.
You hit the orc priest.
The orc priest is moderately wounded.
You feel sick.
The orc priest calls down the wrath of Beogh upon you.
You resist with significant effort.
You slash the orc priest!
The orc priest is almost dead.
You feel sick. You block the orc priest's attack.
You barely miss the orc priest.
The orc priest is almost dead.
You feel sick.
The orc priest hits you but does no damage.
You closely miss the orc priest.
The orc priest is almost dead.
You feel sick.
The orc priest calls down the wrath of Beogh upon you.
Beogh smites you!
You die...

#.##)....... .. ..#
#.#)#....... .. ..#
#.###'.....) ♣. ..#
#..#8##'.'## ..#.#
##.###8###8# .#.#
#...####### ..#
###......†. #o#
###...... #@#
#.##### ###.########
#.#
#..........###.#####
#.#.######..........
#.#.)..........####
# ###########..#
#..#####
#######.......
........>#####


You could see an orc priest.

Vanquished Creatures
  The ghost of voshxx the Ogre Mage, a novice OgFE (D:6)
  An orc sorcerer (D:7)
  5 gargoyles (D:8)
  A komodo dragon (D:7)
  A troll (D:7)
  12 yaks (D:8)
  5 wyverns (D:8)
  A steam dragon (D:8)
  6 water moccasins
  2 black bears (D:6)
  An ice beast (D:6)
  2 sky beasts
  4 ogres
  A centaur (D:8)
  3 bullfrogs
  2 scorpions
  3 wights (D:8)
  4 killer bees (D:7)
  A howler monkey (D:7)
  5 hounds
  A gnoll bouda (D:6)
  7 orc priests
  4 iguanas
  5 orc wizards
  Terence (D:2)
  8 adders
  9 gnolls
  3 white imps
  An ufetubus (D:6)
  29 orcs
  9 bats
  6 endoplasms
  4 giant cockroaches
  4 goblins
  12 hobgoblins
  14 jackals
  7 kobolds
  2 quokkas (D:2)
  7 ball pythons
  2 frilled lizards
  8 rats
204 creatures vanquished.

Notes
Turn   | Place    | Note
-------+----------+-------------------------------------------
     0 | D:1      | Anathary the Formicid Fighter began the quest for the Orb.
     0 | D:1      | Reached XP level 1. HP: 18/18 MP: 1/1
   238 | D:1      | Reached XP level 2. HP: 24/24 MP: 2/2
   495 | D:1      | Reached XP level 3. HP: 29/29 MP: 3/3
  1343 | D:2      | Noticed Terence
  1352 | D:2      | Killed Terence
  1353 | D:2      | Reached skill level 3 in Axes
  1353 | D:2      | Reached XP level 4. HP: 34/37 MP: 4/4
  1658 | D:2      | Reached XP level 5. HP: 30/42 MP: 5/5
  1826 | D:2      | Found a faded altar of an unknown god.
  2464 | D:3      | Found a glowing silver altar of Zin.
  2464 | D:3      | Noticed an angel
  2595 | D:3      | Found a faded altar of an unknown god.
  2613 | D:3      | Reached skill level 1 in Stealth
  2616 | D:3      | Reached skill level 4 in Axes
  2720 | D:3      | Found a sacrificial altar of Ru.
  2914 | D:4      | Found a staircase to the Ecumenical Temple.
  2928 | Temple   | Entered the Ecumenical Temple
  2928 | Temple   | Found a transporter.
  2928 | Temple   | Found a transporter.
  2930 | Temple   | Found a transporter.
  2930 | Temple   | Found a transporter.
  2955 | Temple   | Became a worshipper of Cheibriados the Contemplative
  2976 | D:4      | Found Qorgh's Weapon Boutique.
  2989 | D:4      | Found Jaseibaff's Jewellery Shop.
  3005 | D:4      | Reached XP level 6. HP: 14/48 MP: 6/6
  3223 | D:4      | Found Kel Jastru's Antique Armour Shoppe.
  3337 | D:4      | Found a radiant altar of Vehumet.
  3416 | D:4      | Found Ukaitainab's Jewellery Boutique.
  3444 | D:4      | Reached skill level 1 in Dodging
  3444 | D:4      | Reached XP level 7. HP: 46/55 MP: 7/7
  3495 | D:4      | Found Kuucwipliy's Weapon Emporium.
  3614 | D:5      | Entered Level 5 of the Dungeon
  3626 | D:5      | Reached skill level 5 in Axes
  3877 | D:5      | Noticed a water moccasin
  3883 | D:5      | Killed a water moccasin
  3884 | D:5      | Reached skill level 5 in Armour
  3954 | D:5      | Reached skill level 6 in Axes
  4336 | D:5      | Reached XP level 8. HP: 61/61 MP: 8/8
  4336 | D:5      | Reached * piety under Cheibriados
  4338 | D:5      | Reached skill level 5 in Shields
  4862 | D:6      | Found a runed translucent door.
  4866 | D:6      | Noticed voshxx's ghost (novice OgFE)
  4877 | D:6      | Reached skill level 5 in Fighting
  4877 | D:6      | Reached skill level 7 in Axes
  4893 | D:6      | Killed voshxx's ghost
  4894 | D:6      | Reached XP level 9. HP: 61/68 MP: 9/9
  4921 | D:6      | Reached skill level 8 in Axes
  4991 | D:6      | Reached ** piety under Cheibriados
  5394 | D:7      | Noticed a komodo dragon
  5405 | D:7      | Killed a komodo dragon
  5406 | D:7      | Reached skill level 9 in Axes
  5452 | D:7      | Reached *** piety under Cheibriados
  5545 | D:7      | Noticed an orc sorcerer
  5557 | D:7      | Noticed an orange demon
  5562 | D:7      | Killed an orc sorcerer
  5563 | D:7      | Reached XP level 10. HP: 58/77 MP: 10/10
  6092 | D:7      | Identified the +2 pair of boots of the Great Game {Str+3}
  6483 | D:7      | Reached skill level 10 in Axes
  6594 | D:8      | Noticed a gargoyle
  6602 | D:8      | Killed a gargoyle
  6609 | D:8      | Noticed a gargoyle
  6612 | D:8      | Killed a gargoyle
  6618 | D:8      | Noticed a gargoyle
  6630 | D:8      | Killed a gargoyle
  6677 | D:8      | Noticed a gargoyle
  6682 | D:8      | Killed a gargoyle
  6691 | D:8      | Noticed a gargoyle
  6702 | D:8      | Killed a gargoyle
  6763 | D:8      | Reached skill level 11 in Axes
  6763 | D:8      | Reached XP level 11. HP: 31/84 MP: 11/11
  6874 | D:8      | Reached **** piety under Cheibriados
  7043 | D:8      | Found a glowing golden altar of the Shining One.
  7145 | D:8      | Reached skill level 12 in Axes
  7203 | D:8      | Killed from afar by an orc priest

Illustrated notes

Levels and vault maps discovered:
D:1:      elethiomel_arrival_maze, layout_basic, serial_co_window_serial,
          co_window_of_opportunity_a, co_window_paths_a,
          co_window_of_opportunity_a, co_window_paths_b, co_window_paths_b,
          co_window_of_opportunity_b, co_window_corner_b, co_window_broadway_b,
          co_window_cross_4, co_window_sun, glass_columns_c, glass_columns_b,
          glass_columns_a, glass_columns_a, glass_columns_a
D:2:      layout_loops_cross, ebering_ecumenical_altar_mist, uniq_terence
D:3:      layout_loops_ring, nicolae_overflow_ecumenical_swirl, zin_angel
D:4:      layout_rooms, nicolae_vehumet_altar_sigil, temple_fountains,
          serial_shops, kennysheep_mini, nicolae_shop_crystal,
          nicolae_shop_rolling_square, shop, nicolae_shop_peninsula,
          st_stairs_13
D:5:      layout_loops_corners
D:6:      layout_basic, ebering_ghost_sewer_d, minmay_fractal_squares_diagonal_5
D:7:      cheibrodos_wizards_tower, layout_layer_cave
D:8:      cheibrodos_statue_roulette, layout_loops_ring,
          ashenzari_conservatory_becter, nicolae_tso_carved_into_rock,
          minmay_lair_entry_grove
Temple:   hellmonk_temple_divided_pantheon

Skill      XL: |  1  2  3  4  5  6  7  8  9 10 11 |
---------------+----------------------------------+-----
Axes           | 3 4 6 7 9 11 12 | 12.2
Fighting       | 4 5 6 7 8 |  8.4
Stealth        | 1 |  1.5
Armour         | 4 5 6 7 8 9 |  9.2
Dodging        | 1 |  1.2
Shields        | 5 6 8 9 |  9.0

Action                     |  1- 3 |  4- 6 |  7- 9 | 10-12 || total
---------------------------+-------+-------+-------+-------++-------
  Melee: War axe           |    93 |   151 |   235 |   241 ||   720
Ability: Dig               |     4 |       |     4 |       ||     8
 Armour: Scale mail        |    32 |    87 |       |       ||   119
         Gold dragon scale |       |       |   188 |   152 ||   340
  Dodge: Dodged            |    38 |    86 |    59 |    48 ||   231
  Block: Buckler           |    28 |    51 |    77 |    79 ||   235

Table legend: (Time is in decaauts)
 A = Elapsed time spent in this place.
 B = Non-inter-level travel time spent in this place.
 C = Inter-level travel time spent in this place.
 D = Time resting spent in this place.
 E = Time spent auto-exploring this place.
 F = Levels seen in this place.
 G = Mean time per level.
                   A        B        C        D        E       F      G
               +--------+--------+--------+--------+--------+-----+--------+
         Total |   8654 |   8391 |    263 |    823 |   5113 |   9 |  961.6 |
       Dungeon |   8604 |   8341 |    263 |    823 |   5113 |   8 | 1075.5 |
        Temple |     50 |     50 |      0 |      0 |      0 |   1 |   50.0 |
               +--------+--------+--------+--------+--------+-----+--------+

Top non-repeatable levels by time:
     D:7: 1667 daAuts
     D:5: 1388 daAuts
     D:1: 1269 daAuts
     D:3: 897 daAuts
     D:8: 890 daAuts
     D:6: 873 daAuts
     D:2: 818 daAuts
     D:4: 798 daAuts
  Temple: 50 daAuts
